cohdb
Replays
Latest Replays
All Replays
Popular Replays
Top Player Replays
Match Explorer
How It Works
Community
CoH3 Stats
Reddit
Sign in to upload your games and track your stats! →
Sign in with Steam
Match 36430495
Unlisted
Match 36430495
Overview
Messages
Build Orders
End
Kradschützen Motorcycle Team
Selects Italian Infantry
Kradschützen Motorcycle Team
Kradschützen Motorcycle Team
Kradschützen Motorcycle Team
Kradschützen Motorcycle Team
Kradschützen Motorcycle Team
Construct Light Support Kompanie
Selects Guastatori Squad
Selects L6/40 Light Tank Combat Group
L6/40 Light Tank Combat Group
Guastatori Squad
2.5-tonne Medical Truck
Guastatori Squad
Fire Support Elements
Pak 38 Anti-tank Gun Team
Construct Panzerarmee Kommand
Pak 38 Anti-tank Gun Team
Armored Reserves
Spriggan
BooralKing
ekki
Mechanized
Ghost
Yaas
0
0
Comments
sign in to comment!
No comments posted yet!